 Dungeon Crawl Stone Soup version 0.30.0-29-ga12c61a403 (webtiles) character file.

Game seed: 1204812686486469163

158 Fodor the Slasher (level 5, -2/47 HPs)
             Began as a Minotaur Fighter on June 12, 2023.
             Slain by a kobold brigand
             ... wielding a +0 club
              (4 damage)
             ... in a sewer.
             The game lasted 00:09:59 (1883 turns).

Fodor the Slasher (Minotaur Fighter)                Turns: 1883, Time: 00:09:59

Health: -2/47      AC:  7    Str: 20      XL:     5   Next: 16%
Magic:  4/4        EV:  9    Int:  5      God:
Gold:   93         SH:  5    Dex: 11 (12) Spells: 4/4 levels left

rFire   . . .        a - +0 long sword
rCold   x . .        c - +0 buckler
rNeg    . . .        b - +0 scale mail
rPois   .            (helmet restricted)
rElec   .            (no cloak)
rCorr   .            (no gloves)
SInv    +            (no boots)
Will    .....        (no amulet) Stlth
                     o - ring of see invisible
HPRegen 0.00/turn    (no ring)
MPRegen 0.09/turn

%: no passive effects
@: inhibited regen
A: horns 2, retaliatory headbutt, inhibited regeneration, cold vulnerability 1,
inability to read after injury 1
a: no special abilities


You were in a sewer.
You visited 1 branch of the dungeon, and saw 3 of its levels.
You also visited: Sewer.

You collected 93 gold pieces.

Inventory:

Hand Weapons
 a - a +0 long sword (weapon)
 r - a +0 dagger
Missiles
 k - 35 stones
 n - 3 atropa-tipped darts (quivered)
Armour
 b - a +0 scale mail (worn)
 c - a +0 buckler (worn)
Jewellery
 h - a ring of wizardry
 j - a ring of protection from fire
 o - a ring of see invisible (left hand)
Scrolls
 e - a scroll of immolation {unknown}
 g - 3 scrolls of identify {unknown}
 m - 3 scrolls of blinking {unknown}
Potions
 d - a potion of might
 i - a potion of mutation


   Skills:
 + Level 4.3 Fighting
 + Level 4.5 Long Blades
 + Level 4.4 Armour
 + Level 0.9 Dodging
 + Level 0.4 Stealth
 + Level 4.4 Shields


You had 4 spell levels left.
You didn't know any spells.
Your spell library was empty.

Dungeon Overview and Level Annotations

Branches:
Dungeon (3/15)              Sewer (1/1)

Altars:

Shops:
D:1 !


Innate Abilities, Weirdness & Mutations

You have a pair of horns on your head.
You reflexively headbutt those who attack you in melee.
You do not regenerate when monsters are visible.
You are vulnerable to cold. (rC-)
You occasionally lose the ability to read scrolls when taking damage.


Message History

It was a potion of brilliance.
You feel clever all of a sudden.
The ufetubus hits you but does no damage. x2
You block the kobold brigand's attack. The kobold hits you but does no damage.
It was a potion of cancellation.
Your magical effects are unravelling.
You feel magically purged.
You feel less wooden.
Your +0 scale mail unmelds from your body.
You feel a little less mighty now.
You feel a little less clever now. You block the ufetubus's attack.
The ufetubus barely misses you. The kobold brigand closely misses you.
The kobold closely misses you. You furiously retaliate!
You headbutt the kobold!
You kill the kobold!
The ufetubus barely misses you.
The ufetubus hits you but does no damage.
It was a potion of curing.
You feel better. You block the ufetubus's attack.
The ufetubus hits you but does no damage.
The kobold brigand hits you with a +0 club.
* * * LOW HITPOINT WARNING * * *
Unknown command.
You slash the kobold brigand!
The kobold brigand is heavily wounded.
The ufetubus hits you but does no damage. x2
The ufetubus barely misses you. x2; The kobold brigand barely misses you.
You furiously retaliate!
You headbutt the kobold brigand!
You hit the kobold brigand but do no damage.
The kobold brigand is almost dead.
The ufetubus barely misses you. You block the ufetubus's attack.
You block the kobold brigand's attack. You block the ufetubus's attack.
The ufetubus hits you.
* * * LOW HITPOINT WARNING * * *
You barely miss the kobold brigand.
Your headbutt misses the kobold brigand.
The kobold brigand is almost dead.
The ufetubus hits you.
* * * LOW HITPOINT WARNING * * *
The ufetubus hits you but does no damage.
The kobold brigand hits you with a +0 club.
You die...

~..~≈......~≈.~.≈~~≈#
~≈≈#...#~≈≈≈≈≈#≈≈≈#
####'#############
#########.†.###
≈≈~≈≈≈#...§...#
......'.......+
......'.§._.§.+
......5)).....+
≈≈≈~~≈#@K§.§..#
########.....##
##+++##


You could see a kobold brigand and an ufetubus.

Vanquished Creatures
  A quasit (Sewer)
  4 adders
  A river rat (D:3)
  2 shadow imps (Sewer)
  2 worms
  A dart slug (D:2)
  4 endoplasms
  5 giant cockroaches
  5 goblins
  2 hobgoblins (D:1)
  13 kobolds
  A quokka (D:3)
  5 ball pythons
  6 bats
  A frilled lizard (D:1)
  A kobold zombie (Sewer)
  4 rats
58 creatures vanquished.

Vanquished Creatures (others)
  An endoplasm (Sewer)
1 creature vanquished.

Grand Total: 59 creatures vanquished

Notes
Turn   | Place    | Note
-------+----------+-------------------------------------------
     0 | D:1      | Fodor the Minotaur Fighter began the quest for the Orb.
     0 | D:1      | Reached XP level 1. HP: 19/19 MP: 0/0
   179 | D:1      | Reached XP level 2. HP: 27/27 MP: 1/1
   450 | D:1      | Found Neint's Distillery.
  1026 | D:2      | Reached XP level 3. HP: 33/33 MP: 2/2
  1642 | D:3      | Reached XP level 4. HP: 40/40 MP: 3/3
  1671 | D:3      | Found a glowing drain.
  1688 | Sewer    | Entered a sewer
  1792 | Sewer    | Found a burning altar of Makhleb.
  1815 | Sewer    | Reached XP level 5. HP: 35/47 MP: 4/4
  1874 | Sewer    | Gained mutation: You do not regenerate when monsters are
                  | visible. [potion of mutation]
  1874 | Sewer    | Gained mutation: You are vulnerable to cold. (rC-) [potion
                  | of mutation]
  1874 | Sewer    | Gained mutation: You occasionally lose the ability to read
                  | scrolls when taking damage. [potion of mutation]
  1877 | Sewer    | HP: 3/70 [kobold brigand/+0 club (3)]
  1883 | Sewer    | HP: 2/47 [ufetubus (1)]
  1883 | Sewer    | Slain by a kobold brigand

Illustrated notes

Levels and vault maps discovered:
D:1:      co_arrival_square_in_a_square_in_a_square, layout_loops_ring,
          serial_shops, shop
D:2:      layout_loops_cross
D:3:      layout_rooms, gup_sewer_entry_bubbles, fountainhead
Sewer:    kennysheep_sewer_church

Skill      XL: |  1  2  3  4 |
---------------+-------------+-----
Shields        | 4 |  4.4
Armour         | 4 |  4.4
Long Blades    | 3 4 |  4.5
Fighting       | 4 |  4.3
Dodging        | |  0.9
Stealth        | |  0.4

Action                     |  1- 3 |  4- 6 || total
---------------------------+-------+-------++-------
  Melee: Long sword        |    80 |    84 ||   164
         Headbutt          |     8 |     8 ||    16
    Use: Potion            |       |     6 ||     6
 Armour: Scale mail        |    46 |   110 ||   156
         Skin              |       |     8 ||     8
  Dodge: Dodged            |    46 |    77 ||   123
  Block: Buckler           |    26 |    50 ||    76
